Unix NetHack Version 3.7.0-89 Work-in-progress - last build Sep 24 2023 19:26:52 (48e034876007844a536bf88644040a71d2893410,branch:master). Game began 2023-09-16 19:19:13, ended 2023-09-27 22:06:03. DrSlow, chaotic male dwarven Archeologist ----------------- ..@A.........%@..| ...........----|----...--- ...........-- ... --....| ...........-- ... --...------ ----- ...........| |.........| --------------- A D @ ...| --...------- -------...| |.............| ---------..-- ----|--- --$---- --..---------..| a |.....@.|Aaa-- --....... | ......-- --...|.......|..| |..a@aaa|..a.---........ . %....@.---...a|.@.....|..| |..aha.A-a.a@.-........A . ..%%%%a***.AA-..._...|..| c|a.aaaa.|..A.---...... -+- ....$---@.@.|.......|.@| @ |..Aa.a.|.@.-- --. ...-- --...|.......|..| ---------..-- --- --..---------A.| N @aa.Q| |.........a...| ----- --------------- DrSlow the Excavator St:18/10 Dx:18 Co:18 In:16 Wi:15 Ch:8 Chaotic S:794760 Astral Plane $:0 HP:71(150) Pw:39(39) AC:-8 Xp:15/160930 T:27022 Latest messages: The Angel of Huhetotl points at you, then curses. The Angel of Huhetotl points at you, then curses. "Thou ought to be a comedian, thy skills are so laughable!" The giant ant misses! The soldier ant misses! The soldier ant misses! What do you want to take off? [nIQZ or ?*] The giant ant misses! The giant ant misses! The soldier ant misses! The soldier ant misses! The giant ant misses! The killer bee stings! The giant beetle just misses! The giant beetle misses! The Angel of Camaxtli points at you, then curses. You hear a mumbled curse. You hear a mumbled curse. The giant ant bites! The soldier ant misses! The soldier ant just misses! The giant ant bites! The killer bee misses! You finish taking off your hat. What do you want to wear? [bn or ?*] The giant ant misses! The giant ant misses! The soldier ant bites! The soldier ant just misses! The giant ant bites! The killer bee misses! The giant beetle bites! The Angel of Camaxtli points at you, then curses. The Angel of Camaxtli points at you, then curses. You hear a mumbled curse. You hear a mumbled curse. The soldier ant bites! The soldier ant misses! The killer bee misses! You finish your dressing maneuver. Your mind oscillates briefly. You are blasted by the Orb of Detection's power! # What do you want to sacrifice? [j or ?*] You offer the Amulet of Yendor to Huhetotl... An invisible choir sings, and you are bathed in radiance... The voice of Huhetotl rings out: "Mortal, thou hast done well!" "In return for thy service, I grant thee the gift of Immortality!" You ascend to the status of Demigod... Do you want your possessions identified? [ynq] (y) Inventory: Amulets P - an uncursed amulet of flying C - a cursed amulet of reflection (being worn) x - a cursed amulet of restful sleep Weapons a - the +5 Grayswandir H - a blessed +6 scimitar (alternate weapon; not wielded) Armor n - a blessed +5 elven leather helm b - a cursed thoroughly rusty thoroughly corroded -2 helm of opposite alignment named I win (being worn) I - a blessed +5 pair of leather gloves (being worn) Z - an uncursed +0 pair of jumping boots (being worn) h - an uncursed fireproof +0 pair of water walking boots Q - an uncursed burnt +1 cloak of invisibility (being worn) l - a cursed +0 robe k - a blessed +3 gray dragon scale mail (being worn) Comestibles f - an uncursed partly eaten food ration A - an uncursed food ration v - an uncursed cockatrice corpse (wielded) R - an uncursed lizard corpse Spellbooks L - the uncursed Book of the Dead Potions w - a blessed diluted potion of full healing p - an uncursed potion of sickness Rings r - a cursed ring of aggravate monster G - an uncursed ring of levitation Wands q - a wand of death (2:5) u - a wand of secret door detection (0:12) y - a wand of slow monster (0:2) o - a wand of speed monster (0:2) g - a wand of striking (0:5) N - a wand of teleportation (1:0) S - a wand of wishing (1:0) Tools t - a blessed greased bag of holding containing 52 items J - an empty uncursed sack O - a cursed bugle M - the Bell of Opening (0:1) B - the cursed Candelabrum of Invocation (7 of 7 candles attached) X - a magic marker (1:4) c - an uncursed oil lamp (lit) K - the blessed Orb of Detection (2:6) s - an uncursed skeleton key named POIS COLD TC FIRE SLEP V - an uncursed wet towel e - a blessed +0 unicorn horn Gems/Stones D - a blessed luckstone Contents of the bag of holding: an uncursed amulet of life saving 11 thoroughly rusty +0 darts a +2 bullwhip an uncursed +0 pair of high boots an uncursed +0 pair of levitation boots 2 uncursed sprigs of wolfsbane 4 uncursed tripe rations an uncursed cockatrice corpse 6 blessed scrolls of blank paper a cursed scroll of blank paper a blessed scroll of blank paper an uncursed scroll of taming an uncursed scroll of fire an uncursed scroll of magic mapping a cursed scroll of magic mapping an uncursed scroll of punishment a cursed potion of gain ability a potion of holy water an uncursed potion of water 2 uncursed diluted potions of extra healing 2 uncursed potions of extra healing an uncursed potion of healing an uncursed potion of invisibility 2 uncursed potions of monster detection an uncursed potion of paralysis an uncursed potion of restore ability 2 uncursed potions of see invisible an uncursed ring of polymorph an uncursed ring of polymorph a cursed ring of polymorph an uncursed ring of levitation a wand of cold (0:6) a wand of cold (0:5) a wand of cold (0:3) a wand of digging (0:6) a wand of digging (0:4) a wand of digging (0:5) a wand of digging (0:7) a wand of digging (0:7) a wand of enlightenment (0:13) a wand of fire (0:4) a wand of fire (0:1) a wand of fire (0:4) a wand of make invisible (0:6) a wand of make invisible (0:2) a wand of speed monster (0:5) a blessed wand of striking (0:7) a wand of striking (0:5) a wand of striking (0:2) a wand of striking (0:7) 7 uncursed tallow candles 2 uncursed jet stones DrSlow the Archeologist's attributes: Background: You were an Excavator, a level 15 male dwarven Archeologist. You were chaotic, temporarily on a mission for Huhetotl who was opposed by Quetzalcoatl (lawful) and Camaxtli (neutral). You were actually lawful. You were in the endgame, on the Astral Plane. You entered the dungeon 27022 turns ago. It was nighttime. You had 160930 experience points, 159070 more were needed to attain level 16. Your score was 794760 before end-of-game adjustments. Basics: You had 71 out of 150 hit points. You had all 39 energy points (spell power). Your armor class was -8. Your wallet was empty. Autopickup was on for '"?!=/' plus thrown, with exceptions. Final Characteristics: Your strength was 18/10 (limit:18/100). Your dexterity was 18 (limit:20). Your constitution was 18 (limit:20). Your intelligence was 16 (limit:16). Your wisdom was 15 (limit:16). Your charisma was 8 (limit:16). Final Status: You were not hungry. You were unencumbered. You were wielding a corpse. Final Attributes: You were fervently aligned. You were magic-protected. You were fire resistant. You were cold resistant. You were sleep resistant. You were poison resistant. You saw invisible. You were telepathic. You had automatic searching. You had infravision. You were invisible to others. You were stealthy. You could jump. You had teleport control. You were warded. You took half spell damage. You had reflection. You were extremely lucky. You had extra luck. Good luck did not time out for you. You survived. Miscellaneous: You disabled loading of bones levels. Total elapsed playing time was 4 hours, 55 minutes and 50 seconds. Major events: Turn 1: DrSlow the lawful male dwarven Archeologist entered the dungeon 703: entered the Gnomish Mines 1450: attained the rank of Field Worker (level 3) 1783: was bestowed with Grayswandir by Quetzalcoatl 4350: was bestowed with Werebane by Quetzalcoatl 5263: reached Mine Town 5478: attained the rank of Investigator (level 6) 7300: entered Sokoban 8113: completed 2nd Sokoban level 8794: completed 3rd Sokoban level 9946: completed 4th Sokoban level 10031: acquired the Sokoban amulet of reflection 12141: attained the rank of Exhumer (level 10) 13157: killed Medusa 15094: made his first wish - "marker", got "a magic marker" 15100: wished for "holy greased bag of holding", got "a greased bag" 15107: wished for "2 cursed genocide", got "2 scrolls labeled ZELGO MER" 15173: wished for "marker", got "a magic marker" 16201: attained the rank of Excavator (level 14) 18242: killed the Minion of Huhetotl 18242: found the Orb of Detection carried by a monster 18245: acquired the Bell of Opening 19543: entered Gehennom 19562: performed his first genocide (class L) 20559: bribed Asmodeus with 200 zorkmids for safe passage 20755: killed Juiblex 21271: bribed Baalzebub with 234 zorkmids for safe passage 21994: destroyed Vlad the Impaler 22238: killed Orcus 22648: acquired the Candelabrum of Invocation 24012: killed the Wizard of Yendor 24020: acquired the Book of the Dead 24079: performed the invocation 24324: killed the high priestess of Moloch 24332: acquired The Amulet of Yendor 25744: killed the Wizard of Yendor (2nd time) 26418: killed the Wizard of Yendor (3rd time) 26630: entered the Elemental Planes 26630: entered Plane of Earth 26649: entered Plane of Air 26794: entered Plane of Fire 26831: entered Plane of Water 26858: entered the Astral Plane 26889: killed Pestilence 26983: killed Famine 27013: wished for "cursed thoroughly rusty thoroughly corroded -2 helm of opposite alignment named I win", got "a thoroughly rusty thoroughly corroded crested helmet named I win" 27022: ascended Vanquished creatures: Orcus Juiblex the Wizard of Yendor (4 times) Pestilence Famine Vlad the Impaler a high cleric Medusa 5 krakens 3 storm giants 2 glass golems the Minion of Huhetotl 4 purple worms 15 gray dragons a gold dragon 2 red dragons 2 white dragons 2 orange dragons 2 black dragons 3 yellow dragons 19 minotaurs 3 baluchitheria 5 Angels a demilich a master mind flayer 2 Olog-hai 2 pit fiends 2 sandestins a hell hound 2 displacer beasts a titanothere a trapper 2 baby yellow dragons 3 genetic engineers 15 vampire leaders 3 skeletons 22 aligned clerics 2 captains 5 shades 4 liches 7 clay golems 3 nurses 2 nalfeshnees a lurker above 3 ettins 27 vampires 4 lieutenants 34 ghosts a samurai a winged gargoyle a mind flayer 2 giant mimics 2 long worms a zruty a fire giant 6 ogre tyrants 8 ice trolls 3 rock trolls 3 umber hulks 4 elven monarchs 2 doppelgangers a hezrou a large mimic a wumpus 2 fire vortices 7 stalkers 11 air elementals 2 fire elementals an earth elemental 4 hill giants a giant mummy 4 xorns 17 giant zombies 2 elf-nobles 4 sergeants 9 barbed devils 3 vrocks 2 salamanders 2 wargs 2 winter wolves 2 hell hound pups 2 small mimics 2 glass piercers 6 warhorses 2 steam vortices 3 xans 4 ettin mummies 5 ogre leaders 3 quantum mechanics 9 trolls a wood golem 2 erinyes 2 mariliths 4 sharks a gelatinous cube a pyrolisk a freezing sphere 2 flaming spheres 2 shocking spheres a large cat 4 tigers 5 gargoyles 2 dwarf rulers a tengu 2 ochre jellies 3 leocrottas 3 energy vortices an elf mummy 22 human mummies 2 red nagas 2 green slimes 16 pythons 17 pit vipers 4 cobras 37 wraiths 2 carnivorous apes 13 ettin zombies 4 Grey-elves 50 soldiers 4 amorous demons 5 horned devils 5 chameleons a crocodile 15 giant beetles 5 quivering blobs 9 cockatrices 3 wolves a winter wolf cub a lynx 4 panthers a spotted jelly 7 leprechauns an iron piercer 3 mumakil 8 giant spiders 7 scorpions a horse 5 vampire bats 5 orc mummies 7 dwarf mummies 2 ogres 6 rust monsters 4 owlbears 6 yetis a gold golem a werewolf 5 Green-elves 2 piranha 7 giant eels 2 lizards a dog 3 housecats 3 jaguars 2 blue jellies a gray unicorn 4 black unicorns 5 dust vortices a raven 2 plains centaurs 3 gnome mummies 39 snakes 2 apes 14 human zombies 2 rope golems 3 Woodland-elves 18 soldier ants 8 fire ants a bugbear 6 lemures 4 quasits 2 wood nymphs 2 water nymphs 2 mountain nymphs 5 Mordor orcs 7 Uruk-hai 2 orc shamans a rock piercer 4 rock moles a woodchuck 2 ponies 2 fog clouds 6 yellow lights 2 violet fungi a gnome leader 4 kobold mummies 2 gray oozes 2 barrow wights 16 elf zombies 11 ghouls 2 paper golems 24 giant ants 2 little dogs 7 floating eyes 5 kittens a dwarf a homunculus 2 kobold leaders 3 kobold shamans 17 hill orcs 6 rothes a rabid rat a centipede 3 giant bats 11 orc zombies 11 dwarf zombies a werejackal 9 iguanas 33 killer bees an acid blob 2 coyotes a manes a large kobold 4 hobgoblins 4 giant rats 3 cave spiders a brown mold 2 yellow molds a green mold 2 red molds 5 gnomes 35 garter snakes 21 gnome zombies 6 geckos 7 jackals 5 foxes 2 kobolds 2 goblins 3 sewer rats 12 grid bugs 2 bats 8 lichens 10 kobold zombies 8 newts 1204 creatures vanquished. Genocided or extinct species: arch-liches master liches demiliches liches erinyes (extinct) 4 species genocided. 1 species extinct. Voluntary challenges: You read items or engraved 91 times. You engraved Elbereth 5 times. You never had a pet. You genocided 4 types of monsters. You never polymorphed an object. You never changed form. You used 5 wishes. You did not wish for any artifacts. You did not violate any of the special Sokoban rules. Achievements: You entered a shop. You entered the Gnomish Mines. You attained the rank of Field Worker. You entered Minetown. You entered a temple. You attained the rank of Investigator. You entered Sokoban. You completed Sokoban. You attained the rank of Exhumer. You defeated Medusa. You attained the rank of Excavator. You had the Bell of Opening. You entered Gehennom. You had the Candelabrum of Invocation. You had the Book of the Dead. You gained access to Moloch's Sanctum. You reached the Elemental Planes. You reached the Astral Plane. You delivered the Amulet of Yendor. You ascended! The Elemental Planes: Astral Plane: <- You are here. Some temples. Plane of Water: Plane of Fire: Plane of Air: Plane of Earth: The Dungeons of Doom: levels 1 to 26 Level 1: A fountain. One way stairs up to The Elemental Planes. Level 2: A scroll shop, a fountain. Stairs down to The Gnomish Mines. Level 3: An altar, some fountains. Level 4: Some altars. Level 5: "STASH" An altar to Huhetotl, a fountain. Level 6: A general store, a sink. Level 7: Many fountains. Oracle of Delphi. Level 8: Some fountains. Stairs up to Sokoban, level 7. Level 9: A potion shop, some fountains. Level 10: Some fountains, a sink. Level 11: Level 12: An altar to Huhetotl. Level 13: Some fountains. Level 14: A sink. Portal to The Quest. Level 15: A primitive area. Level 16: Level 17: Level 18: Level 19: "WRAITHSLVL TELE" A fountain. Level 20: Level 21: A fountain, a grave. Level 22: A fountain. Level 23: A fountain, many trees. Level 24: Level 25: Level 26: A throne, a fountain. The castle. Connection to Gehennom. Gehennom: levels 27 to 46 Level 27: A temple, many graves. Valley of the Dead. Level 28: Level 29: Level 30: Level 31: A fountain. Level 32: Level 33: Level 34: Level 35: Level 36: Level 37: Level 38: Level 39: Stairs up to Vlad's Tower, level 38. Level 40: Many graves. Level 41: Level 42: Level 43: Level 44: "tower" Level 45: Level 46: A temple, many graves. Moloch's Sanctum. The Gnomish Mines: levels 3 to 6 Level 3: Level 4: Level 5: Level 6: Many shops, a temple, some fountains. The Quest: levels 1 to 6 Level 1: A throne. Completed quest for Lord Carnarvon. Level 2: Level 3: Many temples. Level 4: Level 5: Level 6: . Sokoban: levels 7 up to 4 Level 4: Solved. Level 5: Solved. Level 6: Solved. Level 7: Unsolved. Vlad's Tower: levels 38 up to 36 Level 36: Level 37: Level 38: Goodbye DrSlow the Demigod... You went to your reward with 873310 points, Grayswandir (worth 8000 zorkmids and 20000 points) The Candelabrum of Invocation (worth 5000 zorkmids and 12500 points) The Orb of Detection (worth 2500 zorkmids and 6250 points) The Book of the Dead (worth 10000 zorkmids and 25000 points) The Bell of Opening (worth 5000 zorkmids and 12500 points) and 0 pieces of gold, after 27022 moves. You were level 15 with a maximum of 150 hit points when you ascended.